Map: [ESL] Cosmic Sapphire

Players

Neeb - Winner!

  • Race: Protoss Protoss
  • Spawn Location: 11:00

Astrea

  • Race: Protoss Protoss
  • Spawn Location: 5:00

Event: DreamHack SC2 Masters 2022 Atlanta (Online)

VOD

Have the link to the VOD?

Description

Time

  • Played on: Oct. 16, 2022, 5:28 p.m.
  • Length: 8:00

All games in this series

Show
View Real Time Build Order
Export as new Build Order

Neeb Protoss - Winner!

Build Orders: 1 Gate Expand, Phoenix Opening 

Get SALT Encoding   

  12  0:00  Probe  
  13  0:12  Probe  
  14  0:18  Pylon  
  14  0:24  Probe (Chrono Boost)  
  15  0:37  Probe (Chrono Boost)  
  15  0:38  Gateway  
  16  0:46  Probe (Chrono Boost), Assimilator  
  17  0:51  Probe  
  18  1:03  Probe  
  19  1:15  Probe  
  20  1:22  Nexus  
  20  1:32  Cybernetics Core  
  20  1:36  Probe  
  21  1:42  Assimilator  
  21  1:48  Probe  
  21  1:49  Pylon  
  22  2:00  Probe  
  23  2:07  Warp Gate (Chrono Boost)  
  23  2:08  Stalker (Chrono Boost)  
  23  2:12  Probe (Chrono Boost)  
  26  2:20  Gateway  
  26  2:21  Probe (Chrono Boost)  
  27  2:26  Probe (Chrono Boost)  
  28  2:30  Pylon  
  28  2:35  Probe  
  28  2:36  Sentry (Chrono Boost)  
  31  2:38  Shield Battery  
  31  2:43  Probe  
  32  2:49  Robotics Facility  
  32  2:52  Probe  
  32  2:55  Probe  
  34  3:00  Stalker  
  34  3:02  Phoenix  
  34  3:05  Probe  
  36  3:09  Stalker  
  38  3:17  Pylon  
  38  3:18  Probe  
  38  3:19  Probe  
  40  3:30  Probe  
  40  3:33  Shield Battery  
  42  3:34  Probe  
  42  3:40  Immortal (Chrono Boost)  
  46  3:49  Stalker x2  
  50  3:57  Pylon  
  50  3:58  Shield Battery  
  50  4:14  Warp Prism (Chrono Boost)  
  52  4:18  Gateway  
  52  4:22  Stalker  
  54  4:31  Gateway  
  54  4:34  Gateway  
  51  4:46  Stalker  
  51  4:48  Probe  
  51  4:49  Immortal (Chrono Boost)  
  58  5:01  Probe  
  58  5:02  Probe, Pylon  
  60  5:13  Stargate  
  60  5:15  Cybernetics Core  
  60  5:21  Pylon  
  60  5:25  Immortal  
  64  5:29  Zealot  
  64  5:33  Zealot  
  68  5:45  Zealot x2  
  68  5:48  Probe x2  
  70  6:00  Phoenix (Chrono Boost), Probe  
  70  6:03  Probe (Chrono Boost)  
  78  6:04  Immortal  
  76  6:13  Pylon  
  76  6:14  Pylon  
  76  6:15  Probe (Chrono Boost)  
  76  6:17  Probe (Chrono Boost)  
  78  6:31  Phoenix  
  80  6:33  Stalker  
  80  6:39  Zealot x3  
  86  6:49  Shield Battery  
  86  6:50  Pylon  
  76  7:02  Stalker x2  
  76  7:04  Adept  
  76  7:05  Adept  
  76  7:07  Probe x2  
  74  7:32  Zealot x3  
  74  7:35  Pylon  
  72  7:42  Probe x2  
Show
View Real Time Build Order
Export as new Build Order

Astrea Protoss 

Build Orders:  

Get SALT Encoding   

  12  0:00  Probe  
  13  0:12  Probe  
  14  0:17  Pylon  
  14  0:24  Probe (Chrono Boost)  
  15  0:36  Gateway  
  15  0:37  Probe (Chrono Boost)  
  16  0:43  Probe (Chrono Boost)  
  16  0:45  Assimilator  
  17  0:51  Probe  
  17  0:54  Assimilator  
  18  1:03  Probe (Chrono Boost)  
  19  1:08  Gateway  
  19  1:12  Probe (Chrono Boost)  
  19  1:17  Probe (Chrono Boost)  
  20  1:23  Cybernetics Core  
  21  1:29  Probe  
  22  1:35  Pylon  
  22  1:41  Probe  
  23  1:53  Probe  
  24  1:59  Warp Gate  
  24  2:01  Stalker  
  24  2:03  Stalker  
  29  2:20  Robotics Facility  
  29  2:21  Pylon  
  28  2:35  Stalker  
  30  2:39  Stalker  
  31  3:01  Gateway  
  31  3:04  Immortal (Chrono Boost)  
  31  3:05  Sentry  
  37  3:13  Pylon  
  37  3:33  Warp Prism (Chrono Boost)  
  39  3:38  Pylon  
  39  3:54  Adept x2  
  43  4:04  Immortal (Chrono Boost)  
  47  4:19  Robotics Bay  
  45  4:47  Immortal (Chrono Boost)  
  49  4:59  Adept x3  
  53  5:03  Pylon  
  53  5:23  Disruptor (Chrono Boost)  
  56  5:30  Adept x3  
  62  5:40  Pylon  
  60  5:56  Disruptor (Chrono Boost)  
  59  6:15  Stalker x3  
  64  6:40  Adept x2  
  64  6:42  Zealot x2  
  64  6:44  Adept  
  48  7:04  Adept x3  
  42  7:25  Adept x2  
Tags
 
Add a new tag
Caveats
  • Supply blocks, unpowered buildings, or Contaminate may cause inaccurate times.
  • Supply counts are checked every 10 seconds.